cohdb
Replays
Latest Replays
All Replays
Popular Replays
Top Player Replays
Match Explorer
How It Works
Community
CoH3 Stats
Reddit
Sign in to upload your games and track your stats! →
Sign in with Steam
Match 40656626
Unlisted
Match 40656626
Overview
Messages
Build Orders
End
Construct Barracks
Riflemen Squad
Riflemen Squad
M1 Mortar Team
Grenade Package
Selects Advanced Infantry Battlegroup
Selects Convert to Ranger Squad
Engineer Squad
Convert to Ranger Squad
Mechanized Support Center
Convert to Ranger Squad
Gunz
Reecever
vonAJ
Wahman
超梦芒果宝
Son of peach
Palkia
Hypnose
0
0
Comments
sign in to comment!
No comments posted yet!